 Dungeon Crawl Stone Soup version 0.27-a0-1065-ge809cff456 (webtiles) character file.

Game seed: 783604571135934237

40847 Anon1729 the Cleaver (level 13, -7/105 HPs)
             Began as a Demonspawn Berserker on Apr 23, 2021.
             Was a High Priest of Trog.
             Mangled by a nine-headed hydra (10 damage)
             ... on level 6 of the Lair of Beasts.
             The game lasted 00:30:46 (19093 turns).

Anon1729 the Cleaver (Demonspawn Berserker)        Turns: 19093, Time: 00:30:47

Health: -7/105     AC:  8    Str: 33    XL:     13   Next: 76%
Magic:  0/13       EV: 20    Int:  4    God:    Trog [*****.]
Gold:   1046       SH:  9    Dex: 12    Spells: 12/12 levels left

rFire    + . .     SeeInvis +   j - +0 war axe
rCold    x . .     Faith    .   q - +3 warlock's mirror {reflect}
rNeg     . . .     Spirit   +   b - +0 animal skin
rPois    .         Reflect  +   (no helmet)
rElec    .         Harm     .   h - +2 cloak
rCorr    .         Rampage  .   (no gloves)
Will     .....                  (boots unavailable)
Stlth    +.........             k - amulet of Eghodgh {Spirit Regen+ Str+4 Int-4}
HPRegen  1.27/turn              S - ring "Parphoce" {Fire Str+5 SInv}
MPRegen  0.13/turn              l - +4 ring of evasion

@: slowed, studying Shields, very slow
A: hooves 3, yellow scales 1, demonic guardian 1, spiny 3
a: Renounce Religion, Berserk, Trog's Hand, Brothers in Arms


You were on level 6 of the Lair of Beasts.
You worshipped Trog.
Trog was extremely pleased with you.
You visited 2 branches of the dungeon, and saw 18 of its levels.
You also visited: Bailey.

You collected 1046 gold pieces.

Inventory:

Hand Weapons
 a - a +0 hand axe
 j - a +0 war axe (weapon)
 y - a +2 hand axe of draining
 H - a +4 hand axe of freezing
 M - the +4 shortbow of the Poles {freeze, rElec rC- Int+6}
   (You found it in a bailey)

   It causes projectiles fired from it to freeze those they strike, causing
   extra injury to most foes and up to half again as much damage against
   particularly susceptible opponents.
   They can also slow down cold-blooded creatures.
   It affects your intelligence (+6).
   It makes you vulnerable to cold.
   It insulates you from electricity.
 V - the +8 executioner's axe "Hilij" {flame, Int+3 SInv}
   (Trog gifted it to you on level 3 of the Lair of Beasts)

   It has been specially enchanted to burn those struck by it, causing extra
   injury to most foes and up to half again as much damage against particularly
   susceptible opponents.
   Big, fiery blades are also staple armaments of hydra-hunters.
   It affects your intelligence (+3).
   It lets you see invisible.
Missiles
 N - 24 javelins
Armour
 b - a +0 animal skin (worn)
 c - a +0 cloak
 h - a +2 cloak (worn)
 q - the +3 warlock's mirror (worn) {reflect}
   (You acquired it on level 10 of the Dungeon)
Jewellery
 d - a ring of magical power
 k - the amulet of Eghodgh (around neck) {Spirit Regen+ Str+4 Int-4}
   (You acquired it on level 10 of the Dungeon)

   [amulet of guardian spirit]

   It causes incoming damage to be divided between your reserves of health and
   magic.
   It affects your strength (+4).
   It affects your intelligence (-4).
   It increases your rate of health regeneration.
 l - a +4 ring of evasion (right hand)
 I - a ring of positive energy
 K - a ring of willpower
 O - a ring of poison resistance
 S - the ring "Parphoce" (left hand) {Fire Str+5 SInv}
   (You found it on level 3 of the Lair of Beasts)

   [ring of fire]

   It enhances your fire magic.
   It affects your strength (+5).
   It protects you from fire.
   It makes you vulnerable to cold.
   It lets you see invisible.
 X - a ring of protection from fire
Wands
 v - a wand of paralysis (6)
 G - a wand of mindburst (29)
 Q - a wand of charming (16)
 R - a wand of polymorph (10)
 T - a wand of acid (7)
 W - a wand of iceblast (10)
Scrolls
 i - 2 scrolls of summoning
 m - 3 scrolls of brand weapon
 o - 3 scrolls of teleportation
 p - a scroll of immolation {unknown}
 r - 3 scrolls of enchant weapon
 t - 3 scrolls of magic mapping
 x - a scroll of enchant armour {unknown}
 B - a scroll of vulnerability {unknown}
 D - a scroll of noise {unknown}
 E - a scroll of fear {unknown}
 J - a scroll of fog {unknown}
 P - a scroll of identify
 U - a scroll of blinking {unknown}
Potions
 e - 7 potions of haste
 f - 4 potions of lignification
 g - 7 potions of curing
 s - 3 potions of flight
 u - 4 potions of attraction {unknown}
 w - a potion of might {unknown}
 z - 2 potions of ambrosia {unknown}
 A - 3 potions of berserk rage {unknown}
 C - 2 potions of heal wounds {unknown}
 F - 3 potions of brilliance {unknown}
 L - a potion of experience {unknown}


   Skills:
 + Level 10.9 Fighting
 * Level 13.4 Axes
 + Level 9.7 Armour
 + Level 9.8 Dodging
 + Level 9.0 Shields


You had 12 spell levels left.
You didn't know any spells.
Your spell library contained the following spells:

 Spells                   Type           Power      Damage    Failure   Level
 Stone Arrow              Conj/Erth      0%         3d7       86%         3
 Airstrike                Air            0%         N/A       99%         4
 Petrify                  Tmut/Erth      0%         N/A       99%         4
 Summon Lightning Spire   Summ/Air       0%         N/A       99%         4
 Lee's Rapid Deconstruct  Erth           0%         3d5*      100%        5


Dungeon Overview and Level Annotations

Branches:
Dungeon (12/15)            Temple (0/1) D:7            Lair (6/6) D:9
  Swamp (0/4) Lair:4       Spider (0/4) Lair:4        Slime (0/5) Lair:5
 Bailey (visited)
    Orc: D:9-12

Altars:
Elyvilon
Hepliaklqana
Makhleb
Ru
Sif Muna
Uskayaw
Vehumet
Xom
Zin
The Shining One
Beogh
Jiyva

Shops:
D:2 [

Annotations:
Lair:2 exclusion: 3 oklob plants


Innate Abilities, Weirdness & Mutations

You have hooves in place of feet.
You are partially covered in yellow scales. (AC +2)
A weak demonic guardian rushes to your aid.
You are completely covered in sharp spines.


Message History

The elephant trunk-slaps your troll.
A basilisk comes into view.
A nearby fungus withers and dies.
The cane toad stings your troll!! The elephant tramples your troll!
Your troll stumbles backwards!
Your troll dies!
Your troll's corpse disappears in a puff of smoke!
The cane toad stings you!
* * * LOW HITPOINT WARNING * * *
A demonic guardian appears!
The elephant tramples your hellwing but does no damage.
The elephant completely misses your hellwing.
A yak comes into view.
You block the nine-headed hydra's attack.
The nine-headed hydra misses you. The nine-headed hydra bites you.
* * * LOW HITPOINT WARNING * * *
The nine-headed hydra bites you but does no damage.
The nine-headed hydra closely misses you.
The nine-headed hydra bites you!
* * * LOW HITPOINT WARNING * * *
The nine-headed hydra barely misses you.
The nine-headed hydra completely misses you.
The nine-headed hydra bites you but does no damage.
Your hellwing hits the elephant.
Your hellwing completely misses the elephant.
Okay, then.
Okay, then.
Okay, then.
Okay, then.
Unknown command.
As you read the scroll labelled LIALEI WOM QUOLOH, it crumbles to dust.
It is a scroll of amnesia.
You feel forgetful for a moment. The cane toad misses you.
You block the cane toad's attack.
A yak comes into view.
The elephant is struck by your spines. The elephant misses you.
The elephant trunk-slaps you.
* * * LOW HITPOINT WARNING * * *
The basilisk bites the plant!
The plant begins to die.
The nine-headed hydra bites you!
You die...

#.............♣.P
#............P.P.
#......^........÷
#................
##................
..................
P.......Y.........
.....5.FD.<.....?.
.......@YY........
.......4F.........
..................
........#.#..#....
....$.P##....wY...
#..PPP# P.PP##Y...
#...l# ....# ....
..... .##


You could see a nine-headed hydra, 2 elephants, a torpor snail, 3 yaks, 2 cane
toads, a basilisk, a friendly hellwing (summoned, slow) and a friendly shadow
imp (summoned).

Vanquished Creatures
  A hydra (D:11)
  A two-headed ogre (D:12)
  Nergalle (Lair:2)
  A skeletal warrior (D:11)
  A wizard (D:9)
  An ugly thing (D:12)
  An elephant (Lair:6)
  3 centaur zombies
  3 black mambas (Lair:2)
  A torpor snail (Lair:3)
  A gargoyle (D:12)
  12 komodo dragons
  12 cane toads
  A kobold demonologist (D:9)
  3 rime drakes
  4 trolls
  A polar bear (Lair:3)
  19 blink frogs
  12 dream sheep
  Grinder (D:6)
  2 water elementals (D:11)
  A redback (Lair:4)
  54 yaks
  5 wyverns
  6 basilisks
  Edmund (D:7)
  An acid dragon (D:11)
  6 water moccasins
  12 orc warriors
  4 ice beasts
  A hornet zombie (D:5)
  15 wolves
  2 ogres
  11 centaurs
  11 bullfrogs
  A gnoll sergeant (D:9)
  A scorpion (D:5)
  9 killer bees (D:9)
  6 electric eels
  2 jellies
  7 wights
  7 howler monkeys
  A crimson imp (D:9)
  A bullfrog zombie (D:6)
  A gnoll shaman (D:7)
  5 orc priests
  4 hounds (D:9)
  A centaur skeleton (D:6)
  5 iguanas
  Natasha (twice) (D:4)
  10 orc wizards
  A scorpion zombie (D:5)
  2 howler monkey zombies
  9 gnolls
  3 adders
  A shadow imp (D:6)
  4 white imps (D:6)
  An ufetubus (D:6)
  A dart slug (D:1)
  67 orcs
  9 endoplasms
  3 giant cockroaches
  9 goblins
  7 hobgoblins
  3 kobolds
  5 quokkas
  5 ball pythons
  A bat (D:3)
  4 frilled lizards
  5 rats
415 creatures vanquished.

Vanquished Creatures (collateral kills)
  3 hydras
  A two-headed ogre (D:10)
  A bog body (Lair:4)
  A manticore (D:10)
  A cane toad (Lair:2)
  3 blink frogs
  A water elemental (D:11)
  A shadow (D:10)
  A howler monkey (D:11)
  An orc (D:11)
14 creatures vanquished.

Vanquished Creatures (others)
  An orc (Bailey)
  8 fungi
  18 plants
27 creatures vanquished.

Grand Total: 456 creatures vanquished

Notes
Turn   | Place    | Note
-------+----------+-------------------------------------------
     0 | D:1      | Anon1729 the Demonspawn Berserker began the quest for the
                  | Orb.
     0 | D:1      | Reached XP level 1. HP: 18/18 MP: 1/1
   277 | D:1      | Gained mutation: You have large cloven feet. [demonic
                  | ancestry]
   277 | D:1      | Reached XP level 2. HP: 24/24 MP: 1/2
   451 | D:1      | Reached skill level 3 in Axes
  1135 | D:2      | Found Potyfox's Antique Armour Shop.
  1248 | D:2      | Reached XP level 3. HP: 29/29 MP: 3/3
  1311 | D:2      | Found a faded altar of an unknown god.
  1712 | D:3      | Reached ** piety under Trog
  2173 | D:3      | Gained mutation: You have hoof-like feet. [demonic
                  | ancestry]
  2173 | D:3      | Reached XP level 4. HP: 35/35 MP: 4/4
  2315 | D:4      | Noticed Edmund
  2784 | D:4      | Noticed Natasha
  2793 | D:4      | Killed Natasha
  2978 | D:4      | Gained mutation: You are partially covered in sharp spines.
                  | [demonic ancestry]
  2978 | D:4      | Reached XP level 5. HP: 36/42 MP: 5/5
  3048 | D:4      | Reached skill level 4 in Axes
  3394 | D:4      | Noticed Natasha
  3412 | D:4      | Killed Natasha
  3500 | D:5      | Entered Level 5 of the Dungeon
  3557 | D:5      | Reached XP level 6. HP: 48/48 MP: 6/6
  4364 | D:5      | Reached skill level 5 in Axes
  4364 | D:5      | Gained mutation: You are mostly covered in sharp spines.
                  | [demonic ancestry]
  4364 | D:5      | Reached XP level 7. HP: 15/55 MP: 7/7
  4920 | D:6      | Found a hide-covered altar of Uskayaw.
  4989 | D:6      | Found a runed translucent door.
  5394 | D:6      | Reached skill level 5 in Fighting
  5566 | D:6      | Found a shimmering altar of Xom.
  5567 | D:6      | Found a shimmering altar of Xom.
  5568 | D:6      | Found a shimmering altar of Xom.
  5568 | D:6      | Found a shimmering altar of Xom.
  5568 | D:6      | Found a shimmering altar of Xom.
  5569 | D:6      | Found a shimmering altar of Xom.
  5569 | D:6      | Found a shimmering altar of Xom.
  5746 | D:6      | Reached *** piety under Trog
  5751 | D:6      | Reached skill level 6 in Axes
  5751 | D:6      | Gained mutation: You have hooves in place of feet. [demonic
                  | ancestry]
  5751 | D:6      | Reached XP level 8. HP: 51/62 MP: 8/8
  5990 | D:6      | Noticed Grinder
  5990 | D:6      | Paralysed by Grinder for 2 turns
  6005 | D:6      | Killed Grinder
  7036 | D:7      | Found a staircase to the Ecumenical Temple.
  7134 | D:7      | Killed Edmund
  7135 | D:7      | Reached skill level 7 in Axes
  7214 | D:7      | Reached skill level 5 in Dodging
  7221 | D:7      | Reached skill level 5 in Armour
  7331 | D:7      | Gained mutation: You are completely covered in sharp
                  | spines. [demonic ancestry]
  7331 | D:7      | Reached XP level 9. HP: 40/69 MP: 9/9
  8217 | D:8      | Found a hazy altar of Hepliaklqana.
  8223 | D:8      | Reached **** piety under Trog
  8242 | D:8      | Found a sacrificial altar of Ru.
  8244 | D:8      | Found a radiant altar of Vehumet.
  8505 | D:8      | Reached skill level 8 in Axes
  8799 | D:8      | HP: 3/71 [yak (7)]
  9175 | D:9      | Noticed a kobold demonologist
  9192 | D:9      | Killed a kobold demonologist
  9255 | D:9      | Noticed a troll
  9265 | D:9      | Gained mutation: You are partially covered in yellow
                  | scales. (AC +2) [demonic ancestry]
  9265 | D:9      | Reached XP level 10. HP: 79/79 MP: 10/10
  9271 | D:9      | Reached skill level 9 in Axes
  9814 | D:9      | Found a staircase to the Lair.
 10271 | D:9      | Found a burning altar of Makhleb.
 10648 | D:9      | Noticed a wizard
 10660 | D:9      | Killed a wizard
 10859 | D:10     | Entered Level 10 of the Dungeon
 10930 | D:10     | Noticed a two-headed ogre
 10952 | D:10     | Killed a two-headed ogre
 10953 | D:10     | Reached skill level 10 in Axes
 11139 | D:10     | Noticed a manticore
 11150 | D:10     | Killed a manticore
 11541 | D:10     | Gained mutation: A weak demonic guardian rushes to your
                  | aid. [demonic ancestry]
 11541 | D:10     | Reached XP level 11. HP: 74/86 MP: 11/11
 12285 | D:10     | Identified 2 scrolls of acquirement
 12289 | D:10     | Acquired the +3 warlock's mirror {reflect}
 12290 | D:10     | Found the +3 warlock's mirror {reflect}
 12296 | D:10     | Acquired the amulet of Eghodgh {Spirit Regen+ Str+4 Int-4}
 12346 | D:11     | Noticed a seven-headed hydra
 12358 | D:11     | Noticed a five-headed hydra
 12429 | D:11     | Killed a five-headed hydra
 12449 | D:11     | Killed an eight-headed hydra
 12450 | D:11     | Reached skill level 1 in Shields
 12487 | D:11     | Found a flagged portal.
 12511 | Bailey   | Entered a bailey
 13052 | Bailey   | Identified the +4 shortbow of the Poles {freeze, rElec rC-
                  | Int+6}
 13053 | Bailey   | Identified the Tome of the Flying Mountains
 13167 | Bailey   | Reached ***** piety under Trog
 13632 | D:11     | Reached skill level 11 in Axes
 13798 | D:11     | Found a shimmering blue altar of Sif Muna.
 13990 | D:11     | Acquired a manual of Shields
 14036 | D:12     | Noticed a purple ugly thing
 14052 | D:12     | Killed a purple ugly thing
 14067 | D:12     | Noticed a two-headed ogre
 14094 | D:12     | Killed a two-headed ogre
 14160 | D:12     | Noticed a skeletal warrior
 14161 | D:12     | Noticed a skeletal warrior
 14200 | D:11     | Killed a skeletal warrior
 14305 | Lair:1   | Entered Level 1 of the Lair of Beasts
 14592 | Lair:1   | Reached XP level 12. HP: 86/95 MP: 10/12
 15266 | Lair:2   | Reached skill level 5 in Shields
 15445 | Lair:2   | Reached skill level 12 in Axes
 15585 | Lair:2   | Noticed a five-headed hydra
 15595 | Lair:2   | Killed a seven-headed hydra
 16005 | Lair:2   | Noticed Nergalle
 16012 | Lair:2   | Killed Nergalle
 16013 | Lair:2   | Reached skill level 10 in Fighting
 16380 | Lair:3   | Identified the +8 executioner's axe "Hilij" {flame, Int+3
                  | SInv} (Trog gifted it to you on level 3 of the Lair of
                  | Beasts)
 16380 | Lair:3   | Received a gift from Trog
 16634 | Lair:3   | Reached XP level 13. HP: 93/103 MP: 11/13
 16791 | Lair:3   | Identified the ring "Parphoce" {Fire Str+5 SInv}
 17055 | Lair:3   | Found a dark tunnel.
 17418 | Lair:4   | Found a hole to the Spider Nest.
 17614 | Lair:4   | Reached skill level 13 in Axes
 17626 | Lair:4   | Found a staircase to the Swamp.
 18756 | Lair:5   | Found a staircase to the Slime Pits.
 18756 | Lair:5   | Found a viscous altar of Jiyva.
 19083 | Lair:6   | Entered Level 6 of the Lair of Beasts
 19092 | Lair:6   | HP: 5/105 [nine-headed hydra (7)]
 19093 | Lair:6   | Mangled by a nine-headed hydra

Illustrated notes

Levels and vault maps discovered:
D:1:      nagdon_arrival_double_spiral, layout_loops_ring
D:2:      layout_loops_ring, serial_shops, shop,
          chequers_ecumenical_altar_simple
D:3:      layout_basic
D:4:      layout_rooms, amcnicky_altar_gilded, zin_statuary, uniq_natasha,
          uniq_edmund
D:5:      layout_cave_pools, kennysheep_small_square
D:6:      layout_loops_corners, nicolae_uskayaw_dance_hall, xom_redecorated,
          lightli_church_of_beogh, uniq_grinder
D:7:      layout_cave_pools, minmay_temple_entry_statues_pillars
D:8:      layout_loops_cross, tso_oasis_becter,
          chequers_temple_overflow_statue_of_worship,
          nicolae_hepliaklqana_hazy_memory
D:9:      layout_stronghold, lemuel_tele_altar, erik_lair_island,
          hellmonk_bongcloud_opening, minivault_25, lightli_wizard_tower
D:10:     layout_long_grid
D:11:     layout_basic, enter_bailey_5, nicolae_sif_muna_condensation
D:12:     layout_rooms, orc_0_dummy, uniq_sonja
Lair:1:   layout_cave_pods, grunt_megastairs_3, infiniplex_staircase_pool_2,
          serial_bayou_shore_a
Lair:2:   layout_regular_city, minmay_lair_oklob_chamber, grunt_megastairs_2,
          uniq_nergalle
Lair:3:   layout_gridlike, enter_volcano_4, grunt_megastairs_5,
          lemuel_fruit_tree
Lair:4:   layout_hall_layers, skrybe_swamp_entry_bodies,
          spider_nest_entry_rubble
Lair:5:   layout_regular_city, slime_altar_1, infiniplex_staircase_pool,
          grunt_megastairs_4
Lair:6:   grunt_lair_end_beastmaster, layout_regular_city

Skill      XL: |  1  2  3  4  5  6  7  8  9 10 11 12 13 |
---------------+----------------------------------------+-----
Dodging        | 2 3 4 5 6 7 8 9 |  9.8
Armour         | 2 3 4 5 6 7 8 9 |  9.7
Axes           | 3 4 5 6 7 8 10 11 12 13 | 13.4
Fighting       | 4 5 6 7 8 9 10 | 10.9
Shields        | 4 7 9 |  9.0

Action                   |  1- 3 |  4- 6 |  7- 9 | 10-12 | 13-15 || total
-------------------------+-------+-------+-------+-------+-------++-------
Melee: Hand axe          |    34 |       |       |       |       ||    34
       War axe           |    76 |    75 |   189 |   457 |   186 ||   983
       Kick              |    20 |    23 |    60 |   182 |    75 ||   360
Invok: Berserk           |       |     5 |     3 |     2 |       ||    10
       Trog's Hand       |       |       |     1 |     1 |       ||     2
       Brothers in Arms  |       |       |       |     5 |     3 ||     8
Evoke: Wand              |       |       |       |     2 |       ||     2
  Use: Potion            |       |       |       |     3 |     1 ||     4
       Scroll            |       |       |       |    11 |     3 ||    14
 Stab: Sleeping          |     3 |       |     2 |       |       ||     5
       Distracted        |       |       |       |     1 |       ||     1
       Petrified         |       |       |       |       |     4 ||     4
       Petrifying        |       |       |       |       |     1 ||     1
Armor: Animal skin       |    31 |    13 |    29 |    65 |    13 ||   151
Dodge: Dodged            |    75 |    59 |   138 |   474 |   121 ||   867
Block: Buckler           |       |       |       |   201 |    79 ||   280
       Reflection        |       |       |       |    46 |     6 ||    52

Table legend: (Time is in decaauts)
 A = Elapsed time spent in this place.
 B = Non-inter-level travel time spent in this place.
 C = Inter-level travel time spent in this place.
 D = Time resting spent in this place.
 E = Time spent auto-exploring this place.
 F = Levels seen in this place.
 G = Mean time per level.
                   A        B        C        D        E       F      G
               +--------+--------+--------+--------+--------+-----+--------+
         Total |  19334 |  18766 |    568 |   2926 |  12699 |  19 | 1017.6 |
       Dungeon |  13597 |  13234 |    363 |   2813 |   8563 |  12 | 1133.1 |
          Lair |   4781 |   4576 |    205 |     94 |   3755 |   6 |  796.8 |
        Bailey |    955 |    955 |      0 |     19 |    380 |   1 |  955.0 |
               +--------+--------+--------+--------+--------+-----+--------+

Top non-repeatable levels by time:
     D:6: 2099 daAuts
     D:9: 1852 daAuts
    D:10: 1487 daAuts
     D:4: 1409 daAuts
     D:5: 1397 daAuts
     D:7: 1166 daAuts
  Lair:2: 1056 daAuts
     D:1: 1047 daAuts
  Lair:3: 982 daAuts
  Lair:1: 962 daAuts
  Bailey: 955 daAuts
  Lair:5: 923 daAuts
    D:11: 890 daAuts
  Lair:4: 846 daAuts
     D:8: 829 daAuts
